 Dungeon Crawl Stone Soup version 0.19-a0-790-ge39e1af (webtiles) character file.

10159 AlphabetPasta the Arsonist (level 11, -1/73 HPs)
             Began as a Formicid Fire Elementalist on June 26, 2016.
             Was a Priest of Vehumet.
             Slain by a wolf (5 damage)
             ... on level 11 of the Dungeon.
             The game lasted 01:19:22 (13582 turns).

AlphabetPasta the Arsonist (FoFE)                  Turns: 13582, Time: 01:19:23

Health: -1/73      AC:  7    Str: 14    XL:     11   Next: 87%
Magic:  2/22       EV: 14    Int: 17    God:    Vehumet [***...]
Gold:   594        SH:  4    Dex: 11    Spells: 7 memorised, 6 levels left

rFire  . . .     SeeInvis +     a - +5 quarterstaff (chaos)
rCold  . . .     Gourm    .     i - +2 robe {MR+}
rNeg   . . .     Faith    .     h - +0 buckler
rPois  .         Spirit   .     (helmet unavailable)
rElec  .         Dismiss  .     r - +0 cloak
rCorr  +         Reflect  .     m - +0 pair of gloves
SustAt .         Harm     .     (no boots)
MR     ++...                    (no amulet)
Stlth  ++........               A - +1 ring of protection
                                d - ring of resist corrosion

@: very slightly contaminated, invisible, very resistant to hostile
enchantments, unstealthy
A: permanent stasis, dig shafts and tunnels, four strong arms, antennae 3
a: Dig, Shaft Self, Renounce Religion


You were on level 11 of the Dungeon.
You worshipped Vehumet.
Vehumet was most pleased with you.
You were not hungry.

You visited 2 branches of the dungeon, and saw 12 of its levels.
You also visited: Sewer and Ossuary.

You collected 594 gold pieces.

Inventory:

Hand Weapons
 a - a +5 quarterstaff of chaos (weapon)
 c - the +3 dagger of Ash {pierce, rF+ rN+}
   (You found it in an ossuary)

   It inflicts extra damage upon your enemies.
   It protects you from fire.
   It protects you from negative energy.
Missiles
 b - 77 stones
 t - 10 javelins (quivered)
Armour
 h - a +0 buckler (worn)
 i - a +2 robe of magic resistance (worn)
 m - a +0 pair of gloves (worn)
 r - a +0 cloak (worn)
Jewellery
 d - a ring of resist corrosion (left hand)
 f - an uncursed ring of ice
 A - a +1 ring of protection (right hand)
Wands
 u - a wand of random effects (33/48)
 y - a wand of teleportation (2/9)
Scrolls
 j - 3 scrolls of recharging
 k - 2 scrolls of amnesia
 n - 10 scrolls of remove curse
 C - a scroll of identify
Potions
 e - 3 potions of agility
 g - 2 potions of might
 l - 7 potions of curing
 q - 3 potions of flight
 x - a potion of brilliance
Books
 v - a book of Flames

   Spells                             Type                      Level
   a - Flame Tongue                   Conjuration/Fire             1
   b - Throw Flame                    Conjuration/Fire             2
   c - Conjure Flame                  Conjuration/Fire             3
   d - Inner Flame                    Hexes/Fire                   3
   e - Sticky Flame                   Conjuration/Fire             4
   f - Fireball                       Conjuration/Fire             5
Comestibles
 o - 8 slices of pizza
 p - 5 meat rations
 s - 6 bread rations


   Skills:
 - Level 2.5 Fighting
 - Level 2.0 Staves
 - Level 1.9 Armour
 + Level 5.7 Dodging
 - Level 2.4 Stealth
 - Level 2.4 Shields
 + Level 7.8 Spellcasting
 + Level 6.7 Conjurations
 * Level 11.1 Fire Magic
 + Level 7.3 Earth Magic


You had 6 spell levels left.
You knew the following spells:

 Your Spells              Type           Power        Failure   Level  Hunger
a - Flame Tongue          Conj/Fire      #####        1%          1    None
b - Throw Flame           Conj/Fire      #####.       1%          2    None
c - Conjure Flame         Conj/Fire      #####...     1%          3    #......
d - Sticky Flame          Conj/Fire      #####...     1%          4    ###....
e - Sandblast             Erth           ####..       1%          1    None
f - Stone Arrow           Conj/Erth      ####..       1%          3    #......
g - Fireball              Conj/Fire      #####.....   2%          5    #####..


Dungeon Overview and Level Annotations

Branches:
Dungeon (11/15)            Temple (1/1) D:4
   Lair: D:8-11         Orc: D:9-12

Altars:
Ashenzari
Cheibriados
Dithmenos
Elyvilon
Fedhas
Gozag
Hepliaklqana
Kikubaaqudgha
Makhleb
Nemelex Xobeh
Okawaru
Pakellas
Qazlal
Ru
Sif Muna
Trog
Uskayaw
Vehumet
Xom
Yredelemnul
Zin
The Shining One

Annotations:
D:11 Maud


Innate Abilities, Weirdness & Mutations

You are under a permanent stasis effect.
You can dig through walls and to a lower floor.
Your four strong arms can wield two-handed weapons with a shield.
You have a pair of large antennae on your head. (SInv)


Message History

Evoke which item? (* to show all) (? for menu, Esc to quit)
Okay, then.
The wolf completely misses you. The wolf barely misses you.
You block the wolf's attack.
A hound comes into view.
The wolf stops to sniff the ground.
The wolf bites you.
* * * LOW HITPOINT WARNING * * *
The hound barks!
Found 23 gold pieces.
Casting: Sticky Flame
Confirm with . or Enter, or press ? or * to list all spells.
Aiming: Sticky Flame
Press: ? - help, Shift-Dir - straight line, f - wolf, p - Maud
Aim: a wolf The sticky flame hits the wolf.
The wolf is moderately wounded.
The wolf is covered in liquid flames!
The wolf burns!
The wolf bites you.
You die...

...........................#
...........................#
..#############............#
..#############............#
...........................#
.<......##################.#
........# #.#
........##################.#
................@h..@T.....#
...............##########..#
.............$ ########..#
............. ..........#
..........h. ..........# ..
########..# ≈ #..#
#########..# ......h....#


You could see Maud, a troll, a wolf (burning) and a hound.

Vanquished Creatures
  Fannar (D:10)
  The ghost of Oroborous the Geomancer, a novice OpEE of Sif Muna (D:9)
  An unseen horror (D:10)
  Pikel (D:6)
  A hill giant (D:10)
  The ghost of KNBrisson the Covert, a novice VSAs of Hepliaklqana (D:7)
  An ugly thing (D:11)
  A centaur zombie (D:10)
  The ghost of AlphabetPasta the Charmwright, a novice VSSk (D:6)
  2 trolls
  Sigmund (D:2)
  A spriggan (D:8)
  2 wraiths
  Eustachio (D:6)
  3 hippogriffs
  2 hungry ghosts
  A water moccasin (D:9)
  Duvessa (D:6)
  2 orc warriors
  3 sky beasts
  2 ice beasts (D:9)
  A phantom (D:10)
  6 centaurs
  A necrophage (D:9)
  An ogre (D:4)
  A big kobold (Sewer)
  6 giant frogs
  4 water moccasin zombies (Ossuary)
  A water moccasin skeleton (D:9)
  2 scorpions
  3 wights (D:9)
  4 howler monkeys
  3 crimson imps
  A quasit (D:10)
  Crazy Yiuf (D:3)
  A giant frog skeleton (D:8)
  5 jellies
  3 orc priests
  2 hounds
  11 orc wizards
  A centaur skeleton (D:9)
  Ijyb (D:2)
  3 iguanas (D:9)
  Natasha (thrice) (D:3)
  5 worker ants
  5 big kobold zombies (Ossuary)
  2 mummies (Ossuary)
  9 adders
  A river rat (Sewer)
  4 shadow imps
  An ooze (D:3)
  5 adder zombies (Ossuary)
  2 adder skeletons
  2 worms (D:4)
  A dart slug (D:4)
  5 giant geckos
  23 orcs
  3 ball pythons
  5 giant cockroaches
  2 gnoll zombies (Ossuary)
  10 goblins
  5 hobgoblins
  9 jackals
  9 kobolds
  3 quokkas
  9 bats
  A giant gecko skeleton (D:8)
  7 giant newts
  9 hobgoblin zombies (Ossuary)
  2 kobold zombies (Ossuary)
  6 orc zombies (Ossuary)
  9 rats
249 creatures vanquished.

Vanquished Creatures (others)
  A slave (D:9)
  Dowan (D:6)
2 creatures vanquished.

Grand Total: 251 creatures vanquished

Notes
Turn   | Place    | Note
--------------------------------------------------------------
     0 | D:1      | AlphabetPasta the Formicid Fire Elementalist began the quest for the Orb.
     0 | D:1      | Reached XP level 1. HP: 13/13 MP: 3/3
   178 | D:1      | Reached XP level 2. HP: 20/20 MP: 1/5
   182 | D:1      | Learned a level 2 spell: Throw Flame
   236 | D:1      | Reached skill level 1 in Conjurations
   910 | D:1      | Reached XP level 3. HP: 25/25 MP: 4/6
   924 | D:1      | Learned a level 3 spell: Conjure Flame
   951 | D:1      | Reached skill level 1 in Fighting
  1419 | D:2      | Noticed Ijyb
  1440 | D:2      | Killed Ijyb
  1440 | D:2      | Reached XP level 4. HP: 16/32 MP: 0/8
  1745 | D:2      | Found a shattered altar of Ashenzari.
  1875 | D:2      | Noticed Sigmund
  1937 | D:2      | Reached XP level 5. HP: 38/38 MP: 4/9
  1943 | D:2      | Learned a level 4 spell: Sticky Flame
  2088 | D:2      | Killed Sigmund
  2088 | D:2      | Reached skill level 4 in Fire Magic
  2088 | D:2      | Reached XP level 6. HP: 46/46 MP: 0/11
  2203 | D:2      | Found a sacrificial altar of Ru.
  2211 | D:2      | Found a basalt altar of Yredelemnul.
  2444 | D:3      | Noticed Natasha
  2563 | D:3      | Found a glowing drain.
  2578 | Sewer    | Entered a sewer
  2650 | Sewer    | Reached skill level 1 in Armour
  2650 | Sewer    | Reached skill level 5 in Fire Magic
  2650 | Sewer    | Reached XP level 7. HP: 51/51 MP: 7/12
  2892 | Sewer    | Found a white marble altar of Elyvilon.
  2905 | Sewer    | Learned a level 4 spell: Sticky Flame
  3098 | D:3      | Found a hide-covered altar of Uskayaw.
  3129 | D:3      | Killed Natasha
  3177 | D:3      | Found a glowing golden altar of the Shining One.
  3259 | D:3      | Noticed Natasha
  3264 | D:3      | Killed Natasha
  3474 | D:3      | Noticed Natasha
  3476 | D:3      | Killed Natasha
  3596 | D:3      | Found a runed door.
  3612 | D:3      | Noticed Crazy Yiuf
  3618 | D:3      | Killed Crazy Yiuf
  4062 | D:4      | Found a staircase to the Ecumenical Temple.
  4067 | Temple   | Entered the Ecumenical Temple
  4084 | Temple   | Became a worshipper of Vehumet
  4694 | D:5      | Entered Level 5 of the Dungeon
  4731 | D:5      | Reached skill level 1 in Staves
  4731 | D:5      | Reached skill level 6 in Fire Magic
  4731 | D:5      | Reached XP level 8. HP: 40/57 MP: 10/14
  4860 | D:5      | Found a sand-covered staircase.
  4886 | Ossuary  | Entered an ossuary
  5291 | Ossuary  | Reached * piety under Vehumet
  5291 | Ossuary  | Offered knowledge of Sandblast by Vehumet.
  5297 | Ossuary  | Learned a level 1 spell: Sandblast
  5862 | Ossuary  | Reached skill level 1 in Earth Magic
  5872 | Ossuary  | Got a bloodstained dagger
  5989 | D:5      | Reached skill level 7 in Fire Magic
  6733 | D:6      | Reached skill level 5 in Spellcasting
  6733 | D:6      | Reached XP level 9. HP: 46/62 MP: 8/16
  7027 | D:6      | Noticed AlphabetPasta's ghost (novice VSSk)
  7038 | D:6      | Killed AlphabetPasta's ghost
  7153 | D:6      | Noticed Pikel
  7188 | D:6      | Killed Pikel
  7188 | D:6      | Reached skill level 8 in Fire Magic
  7255 | D:6      | Identified the +3 dagger of Ash {pierce, rF+ rN+} (You found it in an ossuary)
  7373 | D:6      | Reached ** piety under Vehumet
  7373 | D:6      | Offered knowledge of Shock by Vehumet.
  7425 | D:6      | Killed Dowan
  7427 | D:6      | Noticed Duvessa
  7430 | D:6      | Noticed Eustachio
  7437 | D:6      | Killed Duvessa
  7637 | D:6      | Killed Eustachio
  7637 | D:6      | Reached skill level 5 in Conjurations
  7802 | D:6      | Reached XP level 10. HP: 57/68 MP: 10/18
  7813 | D:6      | Found a deep blue altar of Sif Muna.
  8154 | D:7      | Reached skill level 9 in Fire Magic
  8162 | D:7      | Noticed KNBrisson's ghost (novice VSAs)
  8440 | D:7      | Killed KNBrisson's ghost
  8440 | D:7      | Reached skill level 1 in Shields
  8440 | D:7      | Reached skill level 5 in Earth Magic
  9498 | D:8      | Offered knowledge of Stone Arrow by Vehumet.
  9521 | D:8      | Learned a level 3 spell: Stone Arrow
  9979 | D:9      | Found a shadowy altar of Dithmenos.
 10144 | D:9      | Reached *** piety under Vehumet
 10553 | D:9      | Reached skill level 10 in Fire Magic
 10553 | D:9      | Reached XP level 11. HP: 30/73 MP: 8/21
 11068 | D:9      | Offered knowledge of Olgreb's Toxic Radiance by Vehumet.
 11250 | D:9      | Noticed Oroborous's ghost (novice OpEE)
 11267 | D:9      | Killed Oroborous's ghost
 11267 | D:9      | Reached skill level 5 in Dodging
 11797 | D:10     | Entered Level 10 of the Dungeon
 11918 | D:10     | Noticed an unseen horror
 11930 | D:10     | Killed an unseen horror
 12055 | D:10     | Noticed Fannar
 12335 | D:10     | Killed Fannar
 12430 | D:10     | Noticed a hill giant
 12438 | D:10     | Killed a hill giant
 12445 | D:10     | Learned a level 5 spell: Fireball
 13065 | D:10     | Reached skill level 11 in Fire Magic
 13372 | D:11     | Noticed a purple ugly thing
 13380 | D:11     | Killed a purple ugly thing
 13546 | D:11     | Noticed Maud
 13582 | D:11     | Slain by a wolf

Vault maps used:
D:1:      dpeg_arrival_circle_labyrinth_c
D:2:      minitemple, ashenzari_conservatory_becter, first_bread, uniq_sigmund,
          uniq_iyjb
D:3:      nicolae_tso_swordbearing_angel, lemuel_doored_altar,
          portal_sewer_entry_f, roderic_roman_lattice, uniq_crazy_yiuf_cottage,
          uniq_natasha
D:4:      minmay_unequal
D:5:      nicolae_ossuary_entry_ruins
D:6:      marbit_many_paths, uniq_duvessa, uniq_pikel, uniq_eustachio
D:7:      minmay_flawed_box
D:8:      grunt_pizzeria, minmay_door_square
D:9:      overflow_temple_1_default
D:10:     nicolae_zen_rock_garden, uniq_fannar
D:11:     erik_lair_island, hiddenorc1_lemuel, uniq_maud
Temple:   eino_wide_crystal_templ
Sewer:    sewer_kobolds
Ossuary:  ossuary_tomb_2

Skill      XL: |  1  2  3  4  5  6  7  8  9 10 11 |
---------------+----------------------------------+-----
Conjurations   | 1 2 3 4 5 6 |  6.7
Fighting       | 1 2 |  2.5
Spellcasting   | 3 4 5 6 7 |  7.8
Fire Magic     | 4 5 6 7 8 10 11 | 11.1
Armour         | 1 |  1.9
Staves         | 1 2 |  2.0
Earth Magic    | 2 4 5 7 |  7.3
Dodging        | 2 3 4 5 |  5.7
Shields        | 2 |  2.4
Stealth        | |  2.4

Action                   |  1- 3 |  4- 6 |  7- 9 | 10-12 || total
-------------------------+-------+-------+-------+-------++-------
Melee: Unarmed           |    29 |    10 |       |       ||    39
       Whip              |       |     4 |     1 |       ||     5
       Quarterstaff      |       |       |    69 |    13 ||    82
 Cast: Flame Tongue      |    47 |    50 |   241 |   238 ||   576
       Throw Flame       |     1 |    10 |    35 |    83 ||   129
       Sticky Flame      |       |       |     7 |    31 ||    38
       Sandblast         |       |       |     1 |    14 ||    15
       Stone Arrow       |       |       |       |    15 ||    15
 Abil: Dig               |       |       |       |     1 ||     1
  Use: Scroll            |       |     9 |     6 |     5 ||    20
       Potion            |       |       |     2 |     3 ||     5
 Stab: Sleeping          |       |       |     1 |       ||     1
  Eat: Chunk             |     2 |     5 |    10 |    13 ||    30
       Fruit             |       |       |     5 |     3 ||     8
       Beef jerky        |       |       |     1 |       ||     1
       Royal jelly       |       |       |     1 |       ||     1
       Meat ration       |       |       |       |     1 ||     1
       Bread ration      |       |       |       |     1 ||     1
Armor: Robe              |    11 |     8 |    29 |    46 ||    94
Dodge: Dodged            |    26 |    35 |   111 |   111 ||   283
Block: Buckler           |       |       |       |    19 ||    19
